PAAA
BLOOMINGTON LONGNECKS @ BAY CITY BOMBERS
08/15/2021
 
TOP OF THE 1ST
Bloomington Longnecks batting - Pitching for Bay City Bombers : LHP Gordon Wiggins
Pitching: LHP Gordon Wiggins
Batting: LHB John Doyle 0-0: Ball
1-0: Called Strike
1-1: Foul Ball, location: 2F
1-2: Foul Ball, location: 2F
1-2: SINGLE (Line Drive, 4M)
Batting: RHB Mike Neal 0-0: Called Strike
0-1: Fly out, F2 (Popup, 2LF)
Batting: RHB Tom Potts 0-0: Called Strike
0-1: Ball
1-1: Ball
2-1: Ball
3-1: SINGLE (Line Drive, 7S)
John Doyle to second
Batting: RHB Darrell Terwey 0-0: Foul Ball, location: 2F
0-1: Ball
1-1: Foul Ball, location: 2F
1-2: Reached on error, E6 (Groundball, 6M)
John Doyle to third
Tom Potts to second
Batting: RHB Kyle Bridges 0-0: Called Strike
0-1: Swinging Strike
0-2: Foul Ball, location: 2F
0-2: Ball
1-2: Ball
Wild Pitch!
John Doyle scores
Tom Potts to third
Darrell Terwey to second
2-2: Ball
3-2: Fly out, F8 (Flyball, 78XD)
Runner from 3rd tags up, SCORES, no throw
Batting: RHB Michael Hicks 0-0: Ball
1-0: Ball
2-0: Ball
3-0: Called Strike
3-1: Base on Balls
Batting: LHB Carl Pierce 0-0: Fly out, F6 (Popup, 6D)
Top of the 1st over - 2 run(s), 2 hit(s), 1 error(s), 2 left on base; Bloomington 2 - Bay City 0
BOTTOM OF THE 1ST
Bay City Bombers batting - Pitching for Bloomington Longnecks : RHP Graham Wilson
Pitching: RHP Graham Wilson
Batting: RHB Jim Unknown 0-0: Bunt for hit - play at first, batter OUT! 2-3
Batting: LHB Bastyão Lizardo 0-0: Reached on error, E4 (Groundball, 4)
Batting: RHB Albert Morales 0-0: Foul Ball, location: 2F
0-1: Foul Ball, location: 2F
0-2: Strikes out swinging
Batting: RHB Jim Unknown 0-0: Fly out, F8 (Flyball, 8RM)
Bottom of the 1st over - 0 run(s), 0 hit(s), 1 error(s), 1 left on base; Bloomington 2 - Bay City 0
TOP OF THE 2ND
Bloomington Longnecks batting - Pitching for Bay City Bombers : LHP Gordon Wiggins
Batting: RHB Noel Livingston 0-0: Ball
1-0: Swinging Strike
1-1: Foul Ball, location: 2F
1-2: Ball
2-2: Fly out, F3 (Popup, 34S)
Batting: RHB Luis Fierro 0-0: SINGLE (Line Drive, 89S)
Batting: LHB John Doyle 0-0: Ball
1-0: Foul Ball, location: 2F
1-1: Called Strike
1-2: SINGLE (Line Drive, 9LM)
Luis Fierro to second
Batting: RHB Mike Neal 0-0: Called Strike
0-1: SINGLE (Line Drive, 7LS)
Luis Fierro to third
John Doyle to second
Batting: RHB Tom Potts 0-0: Ball
Passed Ball!
Luis Fierro scores
John Doyle to third
Mike Neal to second
1-0: Called Strike
1-1: Foul Ball, location: 2F
1-2: Strikes out looking
Batting: RHB Darrell Terwey 0-0: Called Strike
0-1: Ball
1-1: Fly out, F8 (Line Drive, 89XD)
Top of the 2nd over - 1 run(s), 3 hit(s), 0 error(s), 2 left on base; Bloomington 3 - Bay City 0
BOTTOM OF THE 2ND
Bay City Bombers batting - Pitching for Bloomington Longnecks : RHP Graham Wilson
Batting: RHB Barry Martínez 0-0: Ball
1-0: Ball
2-0: Foul Ball, location: 2F
2-1: Ball
3-1: Ground out 6-3 (Groundball, 6)
Batting: RHB Gilberto Patino 0-0: Ball
1-0: Foul Ball, location: 2F
1-1: Ground out 4-3 (Groundball, 4)
Batting: LHB Mito Rin 0-0: Called Strike
0-1: Ball
1-1: Ball
2-1: Swinging Strike
2-2: SINGLE (Line Drive, 8RS)
Batting: RHB Jim Unknown 0-0: Ball
1-0: Ball
2-0: Called Strike
2-1: Ball
3-1: Foul Ball, location: 2F
3-2: Foul Ball, location: 2F
3-2: SINGLE (Line Drive, 7S)
Mito Rin to second
Mito Rin to third
Batting: RHB Joe Andrews 0-0: Swinging Strike
0-1: Foul Ball, location: 2F
0-2: Ball
1-2: Ball
2-2: Ball
3-2: Fly out, F6 (Popup, 6S)
Bottom of the 2nd over - 0 run(s), 2 hit(s), 0 error(s), 2 left on base; Bloomington 3 - Bay City 0
TOP OF THE 3RD
Bloomington Longnecks batting - Pitching for Bay City Bombers : LHP Gordon Wiggins
Batting: RHB Kyle Bridges 0-0: Called Strike
0-1: SINGLE (Line Drive, 6M)
Batting: RHB Michael Hicks 0-0: Called Strike
0-1: Grounds into double play, 6-4-3 (Groundball, 6)
Batting: LHB Carl Pierce 0-0: Ball
1-0: Ball
2-0: Called Strike
2-1: Foul Ball, location: 2F
2-2: Fly out, F7 (Line Drive, 7M)
Top of the 3rd over - 0 run(s), 1 hit(s), 0 error(s), 0 left on base; Bloomington 3 - Bay City 0
BOTTOM OF THE 3RD
Bay City Bombers batting - Pitching for Bloomington Longnecks : RHP Graham Wilson
Batting: RHB Jim Unknown 0-0: Ground out 6-3 (Groundball, 56)
Batting: LHB Bastyão Lizardo 0-0: Called Strike
0-1: SINGLE (Line Drive, 89S)
Batting: RHB Albert Morales 0-0: Ball
Bastyão Lizardo is caught stealing 2nd base
1-0: Ball
2-0: DOUBLE (Line Drive, 7LM)
Batting: RHB Jim Unknown 0-0: Ball
1-0: Foul Ball, location: 2F
1-1: Swinging Strike
1-2: Strikes out swinging
Bottom of the 3rd over - 0 run(s), 2 hit(s), 0 error(s), 1 left on base; Bloomington 3 - Bay City 0
TOP OF THE 4TH
Bloomington Longnecks batting - Pitching for Bay City Bombers : LHP Gordon Wiggins
Batting: RHB Noel Livingston 0-0: Ball
1-0: Foul Ball, location: 2F
1-1: Ball
2-1: Ball
3-1: Base on Balls
Batting: RHB Luis Fierro 0-0: Ball
1-0: Ball
2-0: Called Strike
2-1: Fly out, F8 (Flyball, 8RM)
Batting: LHB John Doyle 0-0: Ball
1-0: SINGLE (Groundball, 6M)
Noel Livingston to second
Batting: RHB Mike Neal 0-0: Called Strike
0-1: Called Strike
0-2: Strikes out looking
Batting: RHB Tom Potts 0-0: Swinging Strike
0-1: Ball
1-1: Ball
2-1: Called Strike
2-2: Foul Ball, location: 2F
2-2: Foul Ball, location: 2F
2-2: Ball
3-2: Base on Balls
Noel Livingston to third
John Doyle to second
Batting: RHB Darrell Terwey 0-0: Foul Ball, location: 2F
0-1: SINGLE (Line Drive, 78S)
Noel Livingston scores
John Doyle to third
Tom Potts to second
Runner from 3rd tries for Home, SAFE, no throw or cutoff
Batting: RHB Kyle Bridges 0-0: Ball
1-0: Foul Ball, location: 2F
1-1: Ball
2-1: Swinging Strike
2-2: Ball
3-2: Foul Ball, location: 2F
3-2: Ground out 5-3 (Groundball, 56S)
Top of the 4th over - 2 run(s), 2 hit(s), 0 error(s), 2 left on base; Bloomington 5 - Bay City 0
BOTTOM OF THE 4TH
Bay City Bombers batting - Pitching for Bloomington Longnecks : RHP Graham Wilson
Batting: RHB Barry Martínez 0-0: Ball
1-0: Foul Ball, location: 2F
1-1: Ball
2-1: Foul Ball, location: 2F
2-2: Ball
3-2: Fly out, F7 (Flyball, 78M)
Batting: RHB Gilberto Patino 0-0: Ball
1-0: Called Strike
1-1: Ball
2-1: SINGLE (Flyball, 9LM)
Batting: LHB Mito Rin 0-0: Ball
1-0: Called Strike
1-1: Foul Ball, location: 2F
1-2: Foul Ball, location: 2F
1-2: Ball
2-2: Ball
3-2: Strikes out looking
Batting: RHB Jim Unknown 0-0: Fly out, F7 (Flyball, 78D)
Bottom of the 4th over - 0 run(s), 1 hit(s), 0 error(s), 1 left on base; Bloomington 5 - Bay City 0
TOP OF THE 5TH
Bloomington Longnecks batting - Pitching for Bay City Bombers : LHP Gordon Wiggins
Batting: RHB Michael Hicks 0-0: Ball
1-0: Ball
2-0: Fly out, F8 (Flyball, 8LD)
Batting: LHB Carl Pierce 0-0: Ball
1-0: Ball
2-0: Ground out 6-3 (Groundball, 6)
Batting: RHB Noel Livingston 0-0: Called Strike
0-1: Foul Ball, location: 2F
0-2: Ball
1-2: SINGLE (Groundball, 6S) (infield hit)
Batting: RHB Luis Fierro 0-0: Ball
1-0: Called Strike
1-1: Ball
2-1: Foul Ball, location: 2F
2-2: Fly out, F7 (Flyball, 78M)
Top of the 5th over - 0 run(s), 1 hit(s), 0 error(s), 1 left on base; Bloomington 5 - Bay City 0
BOTTOM OF THE 5TH
Bay City Bombers batting - Pitching for Bloomington Longnecks : RHP Graham Wilson
Batting: RHB Joe Andrews 0-0: Called Strike
0-1: SINGLE (Groundball, 6D)
Batting: RHB Jim Unknown 0-0: Ball
1-0: Ball
2-0: Grounds into double play, 5-4-3 (Groundball, 56)
Batting: LHB Bastyão Lizardo 0-0: DOUBLE (Line Drive, 8LM)
Batting: RHB Albert Morales 0-0: Called Strike
0-1: Ball
1-1: Ball
2-1: SINGLE (Line Drive, 4M)
Bastyão Lizardo to third
Runner from 3rd tries for Home, SAFE, no throw or cutoff
Batting: RHB Jim Unknown 0-0: SINGLE (Line Drive, 8LS)
Albert Morales to second
Batting: RHB Barry Martínez 0-0: Called Strike
0-1: Fly out, F8 (Flyball, 8RXD)
Bottom of the 5th over - 1 run(s), 4 hit(s), 0 error(s), 2 left on base; Bloomington 5 - Bay City 1
TOP OF THE 6TH
Bloomington Longnecks batting - Pitching for Bay City Bombers : LHP Gordon Wiggins
Batting: LHB John Doyle 0-0: Swinging Strike
0-1: Ground out 4-3 (Groundball, 4S)
Batting: RHB Mike Neal 0-0: Foul Ball, location: 2F
0-1: Ball
1-1: Ball
2-1: Foul Ball, location: 2F
2-2: Foul Ball, location: 2F
2-2: SINGLE (Line Drive, 6MD)
Batting: RHB Tom Potts 0-0: Foul Ball, location: 2F
0-1: SINGLE (Line Drive, 56D)
Mike Neal to second
Batting: RHB Darrell Terwey 0-0: Called Strike
0-1: Ball
1-1: Foul Ball, location: 2F
1-2: Foul Ball, location: 2F
1-2: Fly out, F4 (Popup, 34D)
Batting: RHB Kyle Bridges 0-0: Called Strike
0-1: SINGLE (Line Drive, 7S)
Mike Neal to third
Tom Potts to second
Batting: RHB Michael Hicks 0-0: Ball
1-0: Foul Ball, location: 2F
1-1: Swinging Strike
1-2: Fielders Choice at 2nd, 6-4 (Groundball, 6)
Top of the 6th over - 0 run(s), 3 hit(s), 0 error(s), 2 left on base; Bloomington 5 - Bay City 1
BOTTOM OF THE 6TH
Bay City Bombers batting - Pitching for Bloomington Longnecks : RHP Graham Wilson
Batting: RHB Gilberto Patino 0-0: Foul Ball, location: 2F
0-1: Ball
1-1: Ball
2-1: Foul Ball, location: 2F
2-2: Ball
3-2: SINGLE (Line Drive, 6MD)
Batting: LHB Mito Rin 0-0: Ball
1-0: Fly out, F8 (Line Drive, 8RM)
Batting: RHB Jim Unknown 0-0: Called Strike
0-1: Ball
1-1: Foul Ball, location: 2F
1-2: Fly out, F7 (Line Drive, 7D)
Batting: RHB Joe Andrews 0-0: Ball
1-0: Called Strike
1-1: Swinging Strike
1-2: Ground out 5-3 (Groundball, 56)
Bottom of the 6th over - 0 run(s), 1 hit(s), 0 error(s), 1 left on base; Bloomington 5 - Bay City 1
TOP OF THE 7TH
Bloomington Longnecks batting - Pitching for Bay City Bombers : LHP Gordon Wiggins
Batting: LHB Carl Pierce 0-0: Ball
1-0: Fly out, F6 (Line Drive, 6)
Batting: RHB Noel Livingston 0-0: Called Strike
0-1: Ball
1-1: Foul Ball, location: 2F
1-2: Foul Ball, location: 2F
1-2: DOUBLE (Line Drive, 7LS)
Batting: RHB Luis Fierro 0-0: Intentional Walk
Pitching: RHP Milton Anderson
Batting: LHB John Doyle 0-0: Called Strike
0-1: Fly out, F8 (Flyball, 8LD)
Batting: RHB Mike Neal 0-0: Ball
1-0: Ball
2-0: Called Strike
2-1: Called Strike
2-2: Fly out, F5 (Line Drive, 56S)
Top of the 7th over - 0 run(s), 1 hit(s), 0 error(s), 2 left on base; Bloomington 5 - Bay City 1
BOTTOM OF THE 7TH
Bay City Bombers batting - Pitching for Bloomington Longnecks : RHP Graham Wilson
Batting: RHB Jim Unknown 0-0: Called Strike
0-1: Ball
1-1: Swinging Strike
1-2: Ball
2-2: Foul Ball, location: 2F
2-2: Ball
3-2: SINGLE (Groundball, 6MD)
Batting: LHB Bastyão Lizardo 0-0: Foul Ball, location: 2F
0-1: SINGLE (Groundball, 6MD)
Jim Unknown to second
Runner from 2nd tries for 3rd, SAFE, throw made to third
Batting: RHB Albert Morales 0-0: Called Strike
0-1: Called Strike
0-2: Ball
Balk!
Jim Unknown scores
Bastyão Lizardo to second
1-2: SINGLE (Line Drive, 6M)
Bastyão Lizardo to third
Runner from 3rd tries for Home, SAFE, throw made home
Batting: RHB Jim Unknown 0-0: Called Strike
0-1: Ball
1-1: Fly out, F8 (Flyball, 89M)
Batting: RHB Barry Martínez 0-0: Ball
1-0: Called Strike
1-1: Called Strike
1-2: Ball
2-2: Fly out, F6 (Popup, 6)
Batting: RHB Gilberto Patino 0-0: Ball
1-0: Called Strike
1-1: SINGLE (Line Drive, 89S)
Albert Morales to second
Pinch Hitting: LHB Jim Unknown 0-0: Ball
1-0: Called Strike
1-1: Ball
2-1: SINGLE (Groundball, 3S) (infield hit)
Albert Morales to third
Gilberto Patino to second
Batting: RHB Jim Unknown 0-0: Foul Ball, location: 2F
0-1: Called Strike
0-2: Ball
1-2: Foul Ball, location: 2F
1-2: Ball
2-2: Fly out, F8 (Flyball, 8LD)
Bottom of the 7th over - 2 run(s), 5 hit(s), 0 error(s), 3 left on base; Bloomington 5 - Bay City 3
TOP OF THE 8TH
Bloomington Longnecks batting - Pitching for Bay City Bombers : RHP Milton Anderson
Now at SS: Jim Unknown
Batting: RHB Tom Potts 0-0: Ball
1-0: Ball
2-0: Called Strike
2-1: SINGLE (Flyball, 9LM)
Batting: RHB Darrell Terwey 0-0: Foul Ball, location: 2F
0-1: Ball
1-1: Foul Ball, location: 2F
1-2: DOUBLE (Line Drive, 7LM)
Tom Potts to third
Tom Potts scores
Batting: RHB Kyle Bridges 0-0: Intentional Walk
Batting: RHB Michael Hicks 0-0: Ball
1-0: Ball
2-0: Sac Bunt - play at first, batter OUT! 1-4
Darrell Terwey to third
Kyle Bridges to second
Batting: LHB Carl Pierce 0-0: Called Strike
0-1: Foul Ball, location: 2F
0-2: Ball
1-2: Strikes out swinging
Batting: RHB Noel Livingston 0-0: Called Strike
0-1: Foul Ball, location: 2F
0-2: Ball
1-2: Strikes out swinging
Top of the 8th over - 1 run(s), 2 hit(s), 0 error(s), 2 left on base; Bloomington 6 - Bay City 3
BOTTOM OF THE 8TH
Bay City Bombers batting - Pitching for Bloomington Longnecks : RHP Graham Wilson
Batting: RHB Joe Andrews 0-0: Ground out 6-3 (Groundball, 6S)
Batting: RHB Jim Unknown 0-0: Called Strike
0-1: Foul Ball, location: 2F
0-2: Foul Ball, location: 2F
0-2: Foul Ball, location: 2F
0-2: SINGLE (Flyball, 89S)
Batting: LHB Bastyão Lizardo 0-0: Grounds into double play, 4-6-3 (Groundball, 4)
Bottom of the 8th over - 0 run(s), 1 hit(s), 0 error(s), 0 left on base; Bloomington 6 - Bay City 3
TOP OF THE 9TH
Bloomington Longnecks batting - Pitching for Bay City Bombers : RHP Milton Anderson
Batting: RHB Luis Fierro 0-0: Foul Ball, location: 2F
0-1: Ball
1-1: Ball
2-1: Foul Ball, location: 2F
2-2: Ball
3-2: Ground out U3 (Groundball, 3L)
Batting: LHB John Doyle 0-0: Called Strike
0-1: Ball
1-1: Ball
2-1: Ground out U3 (Groundball, 3)
Batting: RHB Mike Neal 0-0: Ball
1-0: Ball
2-0: Fly out, F6 (Line Drive, 6)
Top of the 9th over - 0 run(s), 0 hit(s), 0 error(s), 0 left on base; Bloomington 6 - Bay City 3
BOTTOM OF THE 9TH
Bay City Bombers batting - Pitching for Bloomington Longnecks : RHP Graham Wilson
Pitching: RHP John Woods
Batting: RHB Albert Morales 0-0: Called Strike
0-1: Foul Ball, location: 2F
0-2: Ball
1-2: Foul Ball, location: 2F
1-2: Foul Ball, location: 2F
1-2: Strikes out swinging
Batting: RHB Jim Unknown 0-0: Called Strike
0-1: Ground out 4-3 (Groundball, 4M)
Batting: RHB Barry Martínez 0-0: Ball
1-0: Ball
2-0: Ball
3-0: Base on Balls
Batting: RHB Gilberto Patino 0-0: Ball
1-0: Called Strike
1-1: Called Strike
1-2: Foul Ball, location: 2F
1-2: SINGLE (Groundball, 34D) (infield hit)
Barry Martínez to second
Batting: RHB Jim Unknown 0-0: Foul Ball, location: 2F
0-1: Ball
1-1: Fielders Choice at 2nd, 6-4 (Groundball, 6)
Bottom of the 9th over - 0 run(s), 1 hit(s), 0 error(s), 1 left on base; Bloomington 6 - Bay City 3
This league is powered by Out of the Park Baseball, the baseball management simulation game for PC, Mac and Linux
Friday, January 22nd, 2016 - OOTP Baseball 16.9 Build 39